 Dungeon Crawl Stone Soup version 0.27.1-33-g824d729ab1 (webtiles) character file.

Game seed: 17231666618309959696

6951 ticklebelly the Fighter (level 10, -14/84 (93) HPs)
             Began as a Minotaur Berserker on Dec 31, 2021.
             Was an Elder of Trog.
             Demolished by a skeletal warrior (18 damage)
             ... led by a skeletal warrior
             ... on level 9 of the Dungeon.
             The game lasted 01:34:06 (11775 turns).

ticklebelly the Fighter (Minotaur Berserker)       Turns: 11775, Time: 01:34:07

HP:   -14/84 (93)   AC: 18    Str: 32    XL:     10   Next: 80%
MP:   9/9           EV:  8    Int:  4    God:    Trog [****..]
Gold: 391           SH: 17    Dex:  9    Spells: 9/9 levels left

rFire    + + .     SeeInvis .   t - +1 war axe (vorpal)
rCold    + . .     Faith    .   D - +0 kite shield
rNeg     . . .     Spirit   .   b - +0 plate armour
rPois    .         Reflect  +   (helmet restricted)
rElec    .         Harm     .   h - scarf {rC+ rF+}
rCorr    .         Rampage  .   e - +1 pair of gloves
Will     .....                  w - +0 pair of boots
Stlth    ..........             r - amulet of reflection
HPRegen  0.24/turn              y - ring of protection from fire
MPRegen  0.11/turn              F - +6 ring of strength

@: about to teleport, drained
A: horns 2, retaliatory headbutt
a: Renounce Religion, Berserk, Trog's Hand, Brothers in Arms


You were on level 9 of the Dungeon.
You worshipped Trog.
Trog was greatly pleased with you.
You visited 2 branches of the dungeon, and saw 10 of its levels.
You also visited: Sewer.

You collected 430 gold pieces.
You spent 39 gold pieces at shops.

Inventory:

Hand Weapons
 t - a +1 vorpal war axe (weapon)
 H - a +3 flail
Armour
 b - a +0 plate armour (worn)
 e - a +1 pair of gloves (worn)
 h - a scarf of resistance (worn)
 w - a +0 pair of boots (worn)
 D - a +0 kite shield (worn)
Jewellery
 f - a ring of protection from fire
 r - an amulet of reflection (around neck)
 y - a ring of protection from fire (left hand)
 E - a +6 ring of intelligence
 F - a +6 ring of strength (right hand)
Wands
 j - a wand of flame (30)
 A - a wand of paralysis (24)
 C - a wand of acid (5)
 I - a wand of mindburst (12)
Scrolls
 d - a scroll of immolation {unknown}
 g - a scroll of enchant weapon
 i - a scroll of blinking {unknown}
 k - 7 scrolls of identify
 m - 3 scrolls of teleportation
 n - a scroll of torment {unknown}
 x - a scroll of vulnerability {unknown}
 z - a scroll of fog {unknown}
 G - a scroll of amnesia {unknown}
Potions
 a - 2 potions of attraction {unknown}
 c - 2 potions of curing {@q1}
 l - a potion of haste {unknown}
 o - 2 potions of flight
 p - 2 potions of lignification {unknown}
 q - 2 potions of mutation {unknown}
 s - 2 potions of cancellation {unknown}
 u - 2 potions of resistance {unknown}
 v - 3 potions of ambrosia
 B - a potion of degeneration {unknown}


   Skills:
 + Level 10.0 Fighting
 + Level 9.1(9.3) Axes
 - Level 3.0(6.5) Maces & Flails
 + Level 9.5 Armour
 - Level 7.1 Dodging
 + Level 7.6 Shields
 + Level 4.0 Evocations


You had 9 spell levels left.
You didn't know any spells.
Your spell library was empty.

Dungeon Overview and Level Annotations

Branches:
Dungeon (9/15)             Temple (1/1) D:7           Sewer (visited)
   Lair: D:8-11         Orc: D:9-12

Altars:
Ashenzari
Cheibriados
Dithmenos
Fedhas
Gozag
Hepliaklqana
Kikubaaqudgha
Makhleb
Okawaru
Qazlal
Ru
Trog
Uskayaw
Vehumet
Wu Jian
Xom
Yredelemnul
Zin
The Shining One

Shops:
D:1 !


Innate Abilities, Weirdness & Mutations

You have a pair of horns on your head.
You reflexively headbutt those who attack you in melee.


Message History

Your headbutt misses the skeletal warrior.
The skeletal warrior hits you but does no damage.
You slash the skeletal warrior!
You headbutt the skeletal warrior, but do no damage.
The skeletal warrior is lightly damaged.
You block the skeletal warrior's attack.
The skeletal warrior hits you but does no damage.
You hit the skeletal warrior but do no damage.
The skeletal warrior is lightly damaged.
You barely miss the skeletal warrior.
The skeletal warrior hits you with a +0 mace.
The skeletal warrior closely misses you.
You hit the skeletal warrior.
Your headbutt misses the skeletal warrior.
The skeletal warrior is moderately damaged.
You hit the skeletal warrior but do no damage.
The skeletal warrior hits you with a +0 mace.
You hit the skeletal warrior. You headbutt the skeletal warrior.
The skeletal warrior is moderately damaged.
You hit the skeletal warrior.
You hit the skeletal warrior but do no damage.
The skeletal warrior hits you with a +0 mace!
The skeletal warrior hits you with a +2 dire flail of draining!
You feel drained.
You block the skeletal warrior's attack.
You slash the skeletal warrior!
Your headbutt misses the skeletal warrior.
The skeletal warrior is severely damaged.
You barely miss the skeletal warrior. x2
The skeletal warrior hits you but does no damage.
The skeletal warrior hits you with a +2 dire flail of draining!!
* * * LOW HITPOINT WARNING * * *
You feel drained.
* * * LOW HITPOINT WARNING * * *
The skeletal warrior hits you with a +0 dire flail.
* * * LOW HITPOINT WARNING * * *
As you read the scroll of teleportation, it crumbles to dust.
You feel strangely unstable.
The skeletal warrior hits you with a +0 mace!!
You die...

# ######################
.......................#
.....#zz....#..##...#..#
.....?z@.......##...#..#
....###....###.........#
. #....# #.........#
#....# #####.###.#
#..#.# #.# #.# #....#
#.###.# #....# ##.>...#
#..#.# #......# #.#....#


You could see 3 skeletal warriors.

Vanquished Creatures
  Erica (D:7)
  A hydra (D:8)
  Pikel (D:6)
  Joseph (D:9)
  2 kobold demonologists (D:9)
  The ghost of dnasty the Ducker, a novice DjFE of Makhleb (D:5)
  A shadow (D:9)
  A wyvern (D:8)
  A steam dragon (D:7)
  4 water moccasins
  2 orc warriors (D:8)
  A sky beast (D:5)
  3 ice beasts
  A black bear (D:4)
  3 ogres
  3 centaurs
  A necrophage (D:7)
  2 lemures (D:6)
  A phantom (D:5)
  4 bullfrogs
  2 kobold brigands
  2 scorpions (D:5)
  A gnoll sergeant (D:6)
  A wyvern skeleton (D:6)
  2 water moccasin skeletons
  A howler monkey (D:6)
  A bullfrog zombie (D:6)
  5 centaur zombies
  2 hounds
  2 jellies
  3 bullfrog skeletons
  4 orc priests
  A centaur skeleton (D:6)
  2 gnoll shamans
  Jessica (D:3)
  5 iguanas
  5 orc wizards
  2 killer bee zombies
  2 hound skeletons
  2 howler monkey zombies
  Robin (D:2)
  5 gnolls (D:9)
  7 adders
  6 river rats
  2 white imps
  An ufetubus (D:7)
  3 worms
  2 dart slugs
  25 orcs
  5 bats
  5 endoplasms
  A giant cockroach (D:5)
  19 goblins
  15 hobgoblins
  A jackal (Sewer)
  12 kobolds
  2 quokkas
  5 ball pythons
  5 frilled lizards
  10 rats
  A spectral goblin (D:1)
214 creatures vanquished.

Vanquished Creatures (others)
  A kobold (D:9)
1 creature vanquished.

Grand Total: 215 creatures vanquished

Notes
Turn   | Place    | Note
-------+----------+-------------------------------------------
     0 | D:1      | ticklebelly the Minotaur Berserker began the quest for the
                  | Orb.
     0 | D:1      | Reached XP level 1. HP: 19/19 MP: 0/0
     0 | D:1      | magus.rc [v1.11.3]
    94 | D:1      | Found a faded altar of an unknown god.
   475 | D:1      | magus.rc [v1.11.3]
   487 | D:1      | Reached XP level 2. HP: 23/27 MP: 1/1
   706 | D:1      | magus.rc [v1.11.3]
   774 | D:1      | Found Juyfu's Distillery.
   779 | D:1      | Bought a potion of curing for 39 gold pieces
  1167 | D:2      | Reached skill level 4 in Fighting
  1169 | D:2      | Reached XP level 3. HP: 30/33 MP: 2/2
  1657 | D:2      | Reached ** piety under Trog
  1673 | D:2      | Noticed Robin
  1691 | D:2      | Reached XP level 4. HP: 41/41 MP: 3/3
  1692 | D:2      | Killed Robin
  1952 | D:3      | Noticed Jessica
  1967 | D:3      | Killed Jessica
  2223 | D:3      | Reached XP level 5. HP: 14/47 MP: 4/4
  2706 | D:3      | Reached skill level 1 in Maces & Flails
  2984 | D:3      | Reached skill level 5 in Fighting
  3009 | D:3      | Found a blossoming altar of Fedhas.
  3460 | D:4      | Reached XP level 6. HP: 39/56 MP: 5/5
  3483 | D:4      | Found a glowing drain.
  3488 | Sewer    | Entered a sewer
  3498 | Sewer    | Reached *** piety under Trog
  3770 | Sewer    | Found a white marble altar of Elyvilon.
  4481 | D:4      | Found a burning altar of Makhleb.
  4723 | D:4      | You fall into a shaft and drop 2 floors!
  4723 | D:6      | Noticed a water moccasin
  4732 | D:6      | Killed a water moccasin
  4733 | D:6      | Reached XP level 7. HP: 52/62 MP: 6/6
  4737 | D:6      | Reached skill level 5 in Armour
  4837 | D:6      | Reached skill level 6 in Fighting
  4894 | D:6      | Reached skill level 5 in Dodging
  5126 | D:5      | Entered Level 5 of the Dungeon
  5146 | D:5      | Found a snail-covered altar of Cheibriados.
  5226 | D:5      | Reached skill level 5 in Axes
  5366 | D:4      | Reached XP level 8. HP: 69/71 MP: 7/7
  5962 | D:5      | Reached skill level 7 in Fighting
  6356 | D:5      | Found a runed translucent door.
  6361 | D:5      | Noticed dnasty's ghost (novice DjFE)
  6371 | D:5      | Killed dnasty's ghost
  6372 | D:5      | Reached skill level 8 in Fighting
  6637 | D:6      | Noticed Pikel
  6650 | D:6      | Killed Pikel
  6651 | D:6      | Reached XP level 9. HP: 64/82 MP: 8/8
  6756 | D:6      | Found a stormy altar of Qazlal.
  6761 | D:6      | Reached skill level 1 in Shields
  6897 | D:6      | Reached **** piety under Trog
  7325 | D:6      | Reached skill level 5 in Shields
  7959 | D:6      | D:6
  8310 | D:7      | Reached skill level 1 in Evocations
  8524 | D:7      | Found a staircase to the Ecumenical Temple.
  8557 | Temple   | Entered the Ecumenical Temple
  9350 | D:8      | Noticed a seven-headed hydra
  9366 | D:8      | Killed a seven-headed hydra
  9367 | D:8      | Reached skill level 9 in Fighting
  9367 | D:8      | Reached XP level 10. HP: 17/91 MP: 9/9
 10308 | D:8      | Noticed Erica
 10337 | D:7      | Killed Erica
 11317 | D:9      | Noticed Joseph
 11333 | D:9      | Killed Joseph
 11599 | D:9      | Noticed a smoke demon
 11605 | D:9      | Reached skill level 10 in Fighting
 11765 | D:9      | Noticed a skeletal warrior
 11767 | D:9      | Noticed a skeletal warrior
 11768 | D:9      | Noticed a skeletal warrior
 11774 | D:9      | HP: 4/84 [skeletal warrior[a skeletal warrior] (4)]
 11775 | D:9      | Demolished by a skeletal warrior

Illustrated notes

#.#
##..#.##.##.#..###......
#.#
#..####...####..##......
#.#
#.##[.)).....##.##......
#.#
#..##'#...####..##.....#
#.#
##...#.##.##.#...##......
#.#
#..#....#.#......##.....#
#.#
#.####.##[##..###########
#.# #.#
#..###.......#####.. #.#
#.# ##.@#..#####.....#.#
#.# #.#
##...####.......... #.#
#.# ##.......≈........
#.# #.#
#####'######.......≈≈ #.#
#.# #.......# #..≈≈...≈§
#.# #.# #.......#
#.≈≈≈###≈§ #.# #.#
#.......# #..≈#≈§§≈§
#.###.#
#.......####.≈≈≈§._≈+
#.##..#
#.............≈#§§>§+


Turn 7959 on D:6: D:6

Levels and vault maps discovered:
D:1:      lemuel_arrival_hallway, layout_loops_corners, serial_shops, shop,
          dreamdust_ecumenical_altar_drowned_temple
D:2:      layout_basic, uniq_robin
D:3:      layout_basic, fedhas_altar_2, uniq_jessica
D:4:      layout_layer_cave, mainiacjoe_overflow_cross_hatched,
          lightli_sewer_entry_pipes, minmay_puff
D:5:      layout_cave_pools, cheibriados_altar_1, ebering_ghost_reflecting_pool
D:6:      layout_basic, nicolae_qazlal_general_emergency,
          minmay_fractal_squares_gapless_5, uniq_pikel
D:7:      layout_basic, minmay_temple_entry_offerings, serial_park_tiny_2
D:8:      layout_layer_cave, hangedman_minor_gate_pass, uniq_erica
D:9:      layout_stronghold, uniq_joseph
Temple:   regret_index_temple_waves

Skill      XL: |  1  2  3  4  5  6  7  8  9 10 |
---------------+-------------------------------+-----
Fighting       | 4 5 6 8 9 10 | 10.0
Axes           | 4 5 7 8 9 |  9.1
Armour         | 3 4 6 7 8 9 |  9.5
Dodging        | 3 4 5 7 |  7.1
Maces & Flails | 1 3 |  3.0
Shields        | 6 7 |  7.6
Evocations     | 2 4 |  4.0

Action                   |  1- 3 |  4- 6 |  7- 9 | 10-12 || total
-------------------------+-------+-------+-------+-------++-------
Melee: Hand axe          |    74 |    14 |       |       ||    88
       Headbutt          |    12 |    13 |    37 |    21 ||    83
       Flail             |       |   119 |    19 |       ||   138
       War axe           |       |       |   191 |   111 ||   302
Invok: Berserk           |     1 |     2 |     2 |     1 ||     6
       Trog's Hand       |       |     1 |     2 |     1 ||     4
Evoke: Wand              |       |       |    13 |       ||    13
  Use: Potion            |       |     4 |     4 |     1 ||     9
       Scroll            |       |       |       |     4 ||     4
Armor: Ring mail         |    29 |    46 |    46 |       ||   121
       Animal skin       |     1 |       |       |       ||     1
       Chain mail        |       |       |    33 |       ||    33
       Plate armour      |       |       |    15 |    45 ||    60
Dodge: Dodged            |    44 |    80 |   111 |    28 ||   263
Block: Other             |       |       |    24 |       ||    24
       Buckler           |       |       |    23 |       ||    23
       Kite shield       |       |       |    68 |    99 ||   167
       Reflection        |       |       |       |    11 ||    11
